Map: At Eternity's Edge LE

Players

Botania - Winner!

  • Race: Terran Terran

VOD

Have the link to the VOD?

Description

Time

  • Played on: Sept. 16, 2026, 12:35 p.m.
  • Length: 26:52
Show
View Real Time Build Order
Export as new Build Order

Botania Terran - Winner!

Build Orders:  

Get SALT Encoding   

  8  0:03  SCV  
  9  0:19  SCV  
  10  0:36  SCV  
  11  0:53  Supply Depot, SCV  
  12  1:10  SCV  
  13  1:27  SCV  
  14  1:34  Barracks  
  14  1:44  SCV  
  15  2:01  SCV  
  16  2:18  SCV  
  16  2:19  Supply Depot  
  17  2:41  Orbital Command  
  17  2:43  Marine  
  18  2:52  Barracks  
  18  3:02  Engineering Bay  
  18  3:08  Marine  
  19  3:17  SCV  
  20  3:27  Refinery  
  20  3:33  Marine  
  20  3:34  SCV  
  22  3:51  SCV, Refinery  
  23  4:07  SCV  
  24  4:12  Missile Turret  
  24  4:24  SCV  
  24  4:28  Supply Depot  
  25  4:41  SCV  
  25  4:43  Barracks Reactor  
  25  4:44  Marine  
  27  4:57  Supply Depot  
  27  4:58  SCV  
  28  5:09  Marine  
  29  5:11  Terran Infantry Weapons Level 1  
  29  5:15  SCV  
  29  5:16  Supply Depot  
  30  5:32  SCV  
  30  5:34  Marine  
  32  5:42  Factory  
  32  5:52  Sensor Tower  
  32  5:57  Barracks Tech Lab  
  32  6:02  Barracks Reactor  
  32  6:12  SCV  
  33  6:28  Command Center  
  33  6:34  SCV  
  33  6:35  Missile Turret  
  35  6:51  SCV  
  35  7:01  Starport  
  35  7:10  Supply Depot  
  35  7:31  Siege Tank  
  35  7:34  Marine x2  
  35  7:36  Marine  
  35  7:37  Marine  
  42  7:41  Supply Depot  
  41  7:51  Terran Infantry Armor Level 1  
  41  7:59  Marine x2  
  38  8:01  Marine  
  38  8:02  Marine  
  40  8:24  Siege Tank  
  40  8:26  Marine  
  40  8:27  Marine  
  45  8:50  Orbital Command  
  45  8:55  Bunker  
  45  9:05  Starport Reactor  
  45  9:10  Marine  
  45  9:11  Marine, Missile Turret  
  45  9:18  Refinery  
  47  9:26  SCV  
  47  9:27  Refinery  
  48  9:35  Marine  
  48  9:36  Marine  
  50  9:41  Bunker  
  50  9:43  SCV  
  51  9:51  Siege Tank  
  54  10:00  SCV, Marine  
  56  10:17  SCV  
  57  10:24  Barracks  
  57  10:26  SCV  
  58  10:34  SCV  
  58  10:36  Siege Tank  
  58  10:39  Missile Turret  
  62  10:43  SCV  
  62  10:51  SCV  
  51  11:04  Marine x2  
  51  11:08  SCV  
  54  11:16  Medivac x2  
  58  11:21  Siege Tank  
  58  11:25  SCV  
  58  11:29  Marine x2  
  64  11:38  Command Center  
  64  11:42  SCV  
  64  11:44  Barracks Tech Lab  
  65  11:54  Marine  
  65  11:57  Marine  
  65  11:58  SCV  
  68  12:04  Factory  
  68  12:06  Siege Tank  
  71  12:19  Marine  
  72  12:20  Armory  
  72  12:21  Marine  
  72  12:27  Hi-Sec Auto Tracking  
  72  12:28  Medivac x2  
  77  12:43  Siege Tank  
  77  12:44  Marine  
  77  12:46  Marine  
  77  12:48  SCV  
  80  13:05  SCV  
  81  13:47  Siege Tank x2  
  81  14:13  Marine  
  81  14:14  Marine  
  81  14:15  Medivac x2  
  87  14:38  Marine  
  87  14:39  Marine  
  89  14:43  Missile Turret  
  89  15:00  Thor  
  89  15:08  Supply Depot  
  95  15:12  Terran Infantry Weapons Level 2  
  95  15:24  Terran Vehicle Weapons Level 1  
  95  15:25  Supply Depot  
  95  15:26  Command Center  
  95  15:38  Marine  
  96  15:40  Supply Depot  
  96  15:43  Orbital Command  
  96  15:54  Siege Tank  
  96  16:00  Thor  
  96  16:04  Barracks Tech Lab  
  96  16:08  Sensor Tower  
  102  16:12  Supply Depot, Bunker  
  102  16:25  Medivac  
  102  16:26  Medivac  
  102  16:27  Marine  
  102  16:28  Marine  
  108  16:35  Stimpack  
  108  16:38  Factory Tech Lab  
  108  16:52  Marine  
  109  17:00  Siege Tank  
  109  17:02  Marauder  
  114  17:13  Barracks  
  114  17:16  Supply Depot  
  114  17:23  Marine  
  116  17:30  Reaper  
  116  17:32  Siege Tank, Marauder  
  121  17:45  Siege Tank  
  121  17:47  Supply Depot  
  121  17:48  Marine  
  125  17:54  Missile Turret  
  125  18:02  Marauder  
  125  18:05  SCV  
  125  18:09  Infernal Pre-Igniter  
  128  18:10  Marine  
  128  18:19  Refinery  
  129  18:20  Siege Tank  
  129  18:21  SCV  
  129  18:22  SCV  
  129  18:23  Siege Tank  
  129  18:27  Siege Tank  
  131  18:32  Marauder  
  131  18:38  SCV  
  131  18:39  SCV  
  130  18:51  Refinery  
  130  18:55  SCV  
  130  18:56  SCV  
  132  19:01  Marauder  
  132  19:05  Siege Tank  
  132  19:12  SCV  
  132  19:13  SCV  
  134  19:21  Marine x3  
  134  19:24  Siege Tank x2  
  134  19:25  Unknown  
  134  19:27  Medivac  
  134  19:28  SCV  
  146  19:31  Marine  
  146  19:39  Siege Tank  
  147  19:42  Siege Tank  
  147  19:46  Marine x3  
  140  19:50  Siege Tank  
  140  19:56  Marauder  
  140  19:59  Missile Turret  
  141  20:00  Missile Turret  
  141  20:09  Thor x2  
  152  20:11  Marine x3  
  152  20:26  Marauder  
  151  20:36  Marine x3  
  151  20:39  Missile Turret  
  155  21:01  Marine  
  155  21:07  Marine x2  
  156  21:14  Concussive Shells  
  156  21:17  Hellion  
  155  21:23  Hellion, Marauder  
  156  21:36  Widow Mine  
  150  21:42  Marine  
  150  21:43  Marine x2  
  150  21:46  Unknown  
  155  21:53  Siege Tank  
  155  21:55  Bunker  
  155  22:06  Refinery  
  155  22:07  Marine  
  156  22:10  Refinery  
  156  22:17  Unknown  
  156  22:23  Command Center  
  156  22:36  Siege Tank x2  
  156  22:39  Siege Tank  
  156  22:44  Siege Tank  
  156  22:53  Supply Depot  
  156  22:55  Terran Infantry Weapons Level 3  
  156  23:13  Widow Mine  
  156  23:23  Marine x2, Marauder  
  156  23:24  Orbital Command  
  156  23:26  Supply Depot  
  162  23:43  Marine  
  162  23:48  Marine  
  164  23:50  Siege Tank x2  
  164  23:56  Hellbat x2, Marine, Marauder  
  164  23:57  Supply Depot  
  164  23:58  Supply Depot  
  171  24:08  Marine  
  172  24:13  Marine  
  173  24:21  Marine  
  173  24:26  Hellbat, Marauder  
  173  24:29  Supply Depot x2  
  178  24:56  Marauder  
  180  25:01  Supply Depot  
  180  25:14  Barracks Tech Lab  
  180  25:26  Marauder  
  182  25:45  Siege Tank  
Tags
 
Add a new tag
Caveats
  • Supply blocks, unpowered buildings, or Contaminate may cause inaccurate times.
  • Supply counts are checked every 10 seconds.